[Event "Titled Tuesday Blitz December 20 Early 2022"]
[White "Dreux, Vincent"]
[Black "AlexPapasimakopoulos"]
[WhiteFideId "658960"]
[WhiteElo "1937"]
[BlackElo "2708"]
[Result "0-1"]
[Round "01"]
[TimeControl "180+2"]
[Date "2022.12.20"]
[WhiteClock "0:00:04"]
[BlackClock "0:00:36"]

1. e4 e6 2. d4 d5 3. Nc3 Bb4 4. e5 b6 5. a3 Bf8 6. h4 h5 7. Bg5 Be7 8. Nf3 Ba6 9. Bxa6 Nxa6 10. Qd3 Nb8 11. O-O Nh6 12. g3 Nf5 13. Ne2 Qd7 14. Bxe7 Nxe7 15. Nf4 Nbc6 16. c4 dxc4 17. Qxc4 Na5 18. Qc3 Nd5 19. Nxd5 Qxd5 20. b4 Nc4 21. Rac1 b5 22. Nd2 Nxd2 23. Qxd2 c6 24. Rc5 Qf3 25. Rfc1 O-O 26. Qe3 Qg4 27. Rxc6 Rfd8 28. f4 a5 29. bxa5 Rxa5 30. Rc8 Ra8 31. Rxd8+ Rxd8 32. Kg2 Qf5 33. Rd1 Qc2+ 34. Rd2 Qc4 35. Qd3 Qc6+ 36. Qf3 Qc1 37. Qd1 Qxa3 38. Qxh5 Qc3 39. Qd1 b4 40. Qc2 Qxc2 41. Rxc2 Rxd4 42. Rb2 Rc4 43. Kf3 g6 44. Ke3 Rc3+ 45. Kd4 Rxg3 46. Rxb4 Rg4 47. Ke3 Rxh4 48. Kf3 Kg7 49. Rb1 Rh3+ 50. Kg4 Rh2 51. Rg1 Kh6 52. Kg3 Ra2 53. Rh1+ Kg7 54. Kg4 Ra4 55. Rf1 f6 56. exf6+ Kxf6 57. Kg3 Kf5 58. Rf3 Re4 59. Rf1 Re3+ 60. Kf2 Kxf4 61. Ra1 Rb3 62. Ra4+ Kf5 63. Ra5+ e5 64. Ra8 g5 65. Rc8 Kf4 66. Rf8+ Ke4 67. Rg8 Rb2+ 68. Ke1 Ke3 69. Kf1 Rf2+ 70. Kg1 Rf5 71. Kg2 e4 72. Kg3 Ke2 73. Kg4 Rf7 74. Kxg5 e3 75. Re8 Kf2 76. Kg4 e2 0-1


[Site "https://www.chess.com"]

[Event "Titled Tuesday Blitz December 20 Early 2022"]
[White "Dzhess, Anna"]
[Black "Willi_Skibbe"]
[WhiteFideId "34377859"]
[WhiteElo "1062"]
[BlackElo "2346"]
[Result "1-0"]
[Round "01"]
[TimeControl "180+2"]
[Date "2022.12.20"]
[WhiteClock "0:00:45"]
[BlackClock "0:00:55"]

1. e4 e5 2. Nf3 Nc6 3. Bb5 a6 4. Ba4 Nf6 5. O-O Be7 6. Re1 b5 7. Bb3 O-O 8. c3 d5 9. exd5 Nxd5 10. Nxe5 Nxe5 11. Rxe5 c6 12. d4 Bd6 13. Re1 Qh4 14. g3 Qh3 15. Be3 Be6 16. Qf3 a5 17. Nd2 a4 18. Bc2 Rae8 19. a3 f5 20. Qg2 Qh5 21. Bd1 Qg6 22. f4 Nxe3 23. Rxe3 Bd5 24. Qf2 Rxe3 25. Qxe3 Re8 26. Qf2 Qe6 27. Bf3 Bxf3 28. Nxf3 Qe2 29. Re1 Qxf2+ 30. Kxf2 Rxe1 31. Kxe1 h6 32. Ke2 c5 33. dxc5 Bxc5 34. Kd3 Kf7 35. Nd4 1-0


[Site "https://www.chess.com"]

[Event "Titled Tuesday Blitz December 20 Early 2022"]
[White "Ekat, Michael"]
[Black "Voilo, Anastasia"]
[WhiteFideId "4689801"]
[BlackFideId "34112413"]
[WhiteElo "2051"]
[BlackElo "2133"]
[Result "1-0"]
[Round "01"]
[TimeControl "180+2"]
[Date "2022.12.20"]
[WhiteClock "0:01:26"]
[BlackClock "0:00:32"]

1. d4 Nf6 2. c4 g6 3. Nc3 d5 4. e3 Bg7 5. Nf3 O-O 6. cxd5 Nxd5 7. Bc4 c6 8. O-O Bg4 9. h3 Bxf3 10. Qxf3 Nxc3 11. bxc3 Nd7 12. a4 Qa5 13. Ba3 Rae8 14. Rfc1 Qf5 15. Qxf5 gxf5 16. Rab1 b6 17. Be2 Nf6 18. a5 b5 19. c4 a6 20. cxb5 cxb5 21. Rc6 Nd5 22. Bf3 Nf6 23. Rxa6 Ne4 24. Bxe4 fxe4 25. Rxb5 1-0


[Site "https://www.chess.com"]

[Event "Titled Tuesday Blitz December 20 Early 2022"]
[White "Elbek_Jumanov"]
[Black "Alexander_Donchenko"]
[WhiteElo "2435"]
[BlackElo "2812"]
[Result "0-1"]
[Round "01"]
[TimeControl "180+2"]
[Date "2022.12.20"]
[WhiteClock "0:00:33"]
[BlackClock "0:01:39"]

1. c4 Nf6 2. Nf3 b6 3. g3 Bb7 4. Bg2 g6 5. O-O Bg7 6. Nc3 O-O 7. b3 Ne4 8. Bb2 Nxc3 9. Bxc3 Bxc3 10. dxc3 d6 11. h4 e5 12. h5 Nd7 13. hxg6 hxg6 14. Qd2 Rb8 15. Ng5 Kg7 16. Bxb7 Rxb7 17. Kg2 Qa8 18. Rh1 Rbb8+ 19. f3 Rh8 20. Ne4 Rxh1 21. Rxh1 Rh8 22. Rxh8 Qxh8 23. Qg5 Qe8 24. Qh4 f6 25. Qh3 Qe7 26. Nd2 f5 27. e4 Qg5 28. Nf1 Nf6 29. exf5 gxf5 30. Kf2 Kg6 31. Ne3 f4 32. gxf4 Qxf4 33. Qc8 Ne4+ 34. Ke2 Nxc3+ 35. Kf2 Ne4+ 36. Ke2 Qh2+ 37. Kd3 Qd2+ 38. Kxe4 Qd4# 0-1


[Site "https://www.chess.com"]

[Event "Titled Tuesday Blitz December 20 Early 2022"]
[White "Emily_Dawn"]
[Black "SlipperySpeedster"]
[WhiteElo "1878"]
[BlackElo "2551"]
[Result "0-1"]
[Round "01"]
[TimeControl "180+2"]
[Date "2022.12.20"]
[WhiteClock "0:01:38"]
[BlackClock "0:02:32"]

1. e4 e5 2. Nf3 Nc6 3. Nc3 Nf6 4. Bc4 Nxe4 5. Nxe4 d5 6. Bxd5 Qxd5 7. Nc3 Qd8 8. h3 Bd6 9. O-O O-O 10. d3 f5 11. Bg5 Qe8 12. Qd2 f4 13. d4 h6 14. dxe5 Nxe5 15. Bxf4 Nxf3+ 16. gxf3 Bxf4 17. Qd5+ Be6 18. Qxb7 Qg6+ 19. Kh1 Bxh3 20. Rg1 Qh5 21. Qd5+ Qxd5 22. Nxd5 Be6 23. Nc3 Rf5 24. Kg2 Rh5 25. Ne4 Bh3+ 26. Kh1 Bf1# 0-1


[Site "https://www.chess.com"]

[Event "Titled Tuesday Blitz December 20 Early 2022"]
[White "Etoilegeniale"]
[Black "Jenkins, Drake"]
[BlackFideId "2022397"]
[WhiteElo "2593"]
[BlackElo "2130"]
[Result "1-0"]
[Round "01"]
[TimeControl "180+2"]
[Date "2022.12.20"]
[WhiteClock "0:00:16"]
[BlackClock "0:00:01"]

1. c4 Nf6 2. Nc3 d5 3. cxd5 Nxd5 4. g3 g6 5. Bg2 Nxc3 6. bxc3 Bg7 7. Nf3 O-O 8. O-O c5 9. Rb1 Nc6 10. c4 Qc7 11. d3 Rb8 12. Be3 b6 13. Qc1 Re8 14. Bh6 Bf6 15. h4 Bg4 16. Re1 Nd4 17. Nxd4 Bxd4 18. Bf4 Be5 19. Bxe5 Qxe5 20. Qg5 Qxg5 21. hxg5 Kg7 22. f3 Bd7 23. Kf2 h6 24. gxh6+ Kxh6 25. f4 Kg7 26. Rh1 e5 27. e3 exf4 28. gxf4 Rh8 29. Ra1 Rxh1 30. Rxh1 Bf5 31. e4 Be6 32. Ke3 Rh8 33. Rg1 Kf6 34. a4 Rh2 35. e5+ Ke7 36. Bd5 Ra2 37. Rh1 Rxa4 38. Rh8 Ra1 39. Rb8 Re1+ 40. Kd2 Rf1 41. Ke3 Re1+ 42. Kf2 Ra1 43. Rb7+ Kf8 44. Bxe6 fxe6 45. Kf3 Rd1 46. Kg4 1-0


[Site "https://www.chess.com"]

[Event "Titled Tuesday Blitz December 20 Early 2022"]
[White "Ezat, Mohamed"]
[Black "FMalexhdez"]
[WhiteFideId "10600906"]
[WhiteElo "2402"]
[BlackElo "2290"]
[Result "1-0"]
[Round "01"]
[TimeControl "180+2"]
[Date "2022.12.20"]
[WhiteClock "0:00:26"]
[BlackClock "0:00:11"]

1. d4 Nf6 2. c4 e6 3. Nc3 Bb4 4. e3 c5 5. a3 Bxc3+ 6. bxc3 d5 7. cxd5 exd5 8. Bd3 O-O 9. f3 Nc6 10. Ne2 Re8 11. O-O b6 12. Ng3 Ne7 13. Ra2 a5 14. Raf2 Ba6 15. Bxa6 Rxa6 16. e4 Ra7 17. e5 Nd7 18. f4 f5 19. Be3 Rc7 20. Rb2 cxd4 21. Bxd4 Nc5 22. Rxb6 Ne4 23. Nxe4 dxe4 24. Rd6 Qc8 25. Qb3+ Kf8 26. Rb1 Rc6 27. Qb5 Rxc3 28. Bxc3 Qxc3 29. Qe2 Qc5+ 30. Qf2 Qxa3 31. Qd4 e3 32. Re1 Nc8 33. Rd8 Ne7 34. e6 1-0


[Site "https://www.chess.com"]

[Event "Titled Tuesday Blitz December 20 Early 2022"]
[White "Felix-Rose"]
[Black "Arig, Busra"]
[BlackFideId "6309356"]
[WhiteElo "2299"]
[BlackElo "1850"]
[Result "0-1"]
[Round "01"]
[TimeControl "180+2"]
[Date "2022.12.20"]
[WhiteClock "0:01:20"]
[BlackClock "0:00:22"]

1. e4 Nf6 2. e5 Nd5 3. d4 d6 4. c4 Nb6 5. exd6 exd6 6. Nc3 g6 7. Bd3 Bg7 8. Nge2 O-O 9. O-O Nc6 10. d5 Ne5 11. f4 Nxd3 12. Qxd3 Bf5 13. Ne4 Na4 14. N2g3 Bxe4 15. Nxe4 Nxb2 16. Bxb2 Bxb2 17. Rab1 Bg7 18. Rxb7 Re8 19. f5 Qh4 20. f6 Qxe4 21. Qxe4 Rxe4 22. fxg7 Rxc4 23. Re1 Kxg7 24. Re7 Rc8 25. Rxa7 Rf4 26. g3 Rf5 27. Raxc7 Rxc7 28. Rxc7 Rxd5 29. a4 Rd1+ 30. Kg2 Ra1 31. Rd7 Rxa4 32. Rxd6 h5 33. h4 Kf8 34. Rd7 Re4 35. Rb7 Re7 36. Rb8+ Kg7 37. Rb6 Re6 38. Rb7 Kf6 39. Ra7 Re7 40. Ra6+ Kf5 41. Kf3 f6 42. Ra5+ Re5 43. Ra8 Rb5 44. Ra3 g5 45. hxg5 fxg5 46. Ra4 Rb3+ 47. Kg2 Re3 48. Kf2 Re4 49. Ra5+ Kg4 50. Ra3 Kh3 51. Ra5 Rg4 52. Ra3 Rb4 53. Kf3 g4+ 54. Kf2 Rb2+ 55. Kf1 Rb5 56. Kf2 Rf5+ 57. Kg1 Rf3 58. Rxf3 gxf3 59. Kf2 Kg4 60. Ke3 Kxg3 0-1


[Site "https://www.chess.com"]

[Event "Titled Tuesday Blitz December 20 Early 2022"]
[White "Firouzja, Alireza"]
[Black "Yurasova_Daria"]
[WhiteFideId "12573981"]
[WhiteElo "2785"]
[BlackElo "2502"]
[Result "1-0"]
[Round "01"]
[TimeControl "180+2"]
[Date "2022.12.20"]
[WhiteClock "0:02:49"]
[BlackClock "0:01:24"]

1. d3 d5 2. Nf3 Nf6 3. g3 c6 4. Bg2 Bf5 5. O-O e6 6. Nbd2 Be7 7. Qe1 Bg6 8. e4 O-O 9. Ne5 Nbd7 10. Nxg6 hxg6 11. e5 Nh7 12. Nf3 c5 13. h4 Re8 14. c4 Nb6 15. Qe2 Qc7 16. Bf4 Rad8 17. b3 Qd7 18. Rad1 a5 19. Ng5 a4 20. Bf3 axb3 21. axb3 f6 22. Nxh7 Kxh7 23. Kg2 fxe5 24. Bxe5 Bf6 25. h5 g5 26. d4 cxd4 27. Rxd4 Qf7 28. Re1 dxc4 29. Rxd8 Rxd8 30. bxc4 Re8 31. Be4+ Kg8 32. Bg6 Qf8 33. Bxe8 Qxe8 34. Bxf6 gxf6 35. Qxe6+ Qxe6 36. Rxe6 Nxc4 37. Rxf6 b5 38. Rg6+ Kf7 39. Rxg5 b4 40. Rb5 1-0


[Site "https://www.chess.com"]

[Event "Titled Tuesday Blitz December 20 Early 2022"]
[White "GHANDEEVAM2003"]
[Black "Tologon tegin, Semetei"]
[BlackFideId "13800574"]
[WhiteElo "3050"]
[BlackElo "2372"]
[Result "1-0"]
[Round "01"]
[TimeControl "180+2"]
[Date "2022.12.20"]
[WhiteClock "0:00:49"]
[BlackClock "0:00:08"]

1. c4 c5 2. Nc3 Nc6 3. Nf3 e5 4. e3 Nf6 5. d4 exd4 6. exd4 d5 7. Be2 cxd4 8. Nxd4 dxc4 9. Nxc6 Qxd1+ 10. Nxd1 bxc6 11. Bxc4 Bb4+ 12. Bd2 Bxd2+ 13. Kxd2 O-O 14. Ne3 Rb8 15. b3 Ne4+ 16. Ke2 Rd8 17. Rhc1 Rd2+ 18. Ke1 Rxf2 19. Bd3 Rf4 20. Rc4 Nf2 21. Be2 Rxc4 22. Nxc4 Ne4 23. Bf3 Bf5 24. Na5 c5 25. Nc6 Re8 26. Nxa7 c4 27. bxc4 Nd6+ 28. Kf2 Nxc4 29. a4 g5 30. a5 g4 31. Bd5 Ne3 32. Re1 Re5 33. Nc6 Rxd5 34. Ne7+ Kg7 35. Nxd5 Nxd5 36. a6 Nb6 37. Re8 Bd7 38. Rb8 Nc4 39. a7 Bc6 40. Rc8 Bd5 41. Rxc4 Bxc4 42. a8=Q 1-0


[Site "https://www.chess.com"]

[Event "Titled Tuesday Blitz December 20 Early 2022"]
[White "Garcia Brion, Eduardo"]
[Black "WhiteKnight2612"]
[WhiteFideId "2223864"]
[WhiteElo "2175"]
[BlackElo "2753"]
[Result "0-1"]
[Round "01"]
[TimeControl "180+2"]
[Date "2022.12.20"]
[WhiteClock "0:00:01"]
[BlackClock "0:01:18"]

1. d4 Nf6 2. c4 c5 3. d5 e6 4. Nc3 exd5 5. cxd5 d6 6. e4 g6 7. f4 Bg7 8. Bb5+ Nbd7 9. e5 dxe5 10. fxe5 Nh5 11. Nf3 O-O 12. e6 Ne5 13. exf7+ Rxf7 14. O-O Bg4 15. Be2 Nxf3+ 16. Bxf3 Bd4+ 17. Kh1 Qh4 18. Ne4 Re8 19. Bg5 Bxf3 20. Bxh4 Bxd1 21. Nd6 0-1


[Site "https://www.chess.com"]

[Event "Titled Tuesday Blitz December 20 Early 2022"]
[White "GiorgianBarbosa"]
[Black "Narayanan, Srinath"]
[BlackFideId "5018420"]
[WhiteElo "2484"]
[BlackElo "2559"]
[Result "0-1"]
[Round "01"]
[TimeControl "180+2"]
[Date "2022.12.20"]
[WhiteClock "0:00:26"]
[BlackClock "0:00:42"]

1. c4 g6 2. d4 Bg7 3. Nc3 c5 4. d5 Bxc3+ 5. bxc3 f5 6. h4 Nf6 7. h5 Nxh5 8. Rxh5 gxh5 9. e4 O-O 10. exf5 d6 11. Qxh5 Bxf5 12. Bh6 Rf6 13. Bg5 Rf7 14. Nf3 Bg6 15. Qh4 Nd7 16. Be2 Qa5 17. Kf1 Qxc3 18. Rd1 Ne5 19. Bxe7 Re8 20. Bxd6 Nxf3 21. gxf3 Rxf3 22. Bxf3 Qxf3 23. Rc1 Re4 24. Qd8+ Kg7 25. Bxc5 Qh1# 0-1


[Site "https://www.chess.com"]

[Event "Titled Tuesday Blitz December 20 Early 2022"]
[White "Giorno, Sven"]
[Black "FairChess_on_YouTube"]
[WhiteFideId "20645082"]
[WhiteElo "2517"]
[BlackElo "3072"]
[Result "0-1"]
[Round "01"]
[TimeControl "180+2"]
[Date "2022.12.20"]
[WhiteClock "0:00:41"]
[BlackClock "0:01:06"]

1. d4 Nf6 2. Bg5 g6 3. Nc3 d5 4. Nf3 Bg7 5. Bxf6 exf6 6. e3 c6 7. Be2 Nd7 8. O-O Nb6 9. a4 a5 10. Nb1 O-O 11. Nbd2 f5 12. c4 Re8 13. g3 Be6 14. Rc1 Bf8 15. cxd5 Nxd5 16. Nc4 Nb4 17. Nfe5 Bg7 18. Nd3 Qe7 19. Nc5 Red8 20. Nxe6 Qxe6 21. Nd2 h5 22. Qb3 Qe7 23. Nf3 Bf6 24. Bc4 Kg7 25. Rfe1 h4 26. gxh4 Rh8 27. d5 Qe4 28. Be2 cxd5 29. Qd1 Bxh4 30. Qd4+ Bf6 31. Qxe4 fxe4 32. Nd4 Be5 33. f4 Bxd4 34. exd4 Rh4 35. Rf1 Rah8 36. Rf2 Nc6 37. Rd1 e3 38. Rg2 Rxf4 39. Bb5 Nxd4 40. Re1 Nf3+ 0-1


[Site "https://www.chess.com"]

[Event "Titled Tuesday Blitz December 20 Early 2022"]
[White "GoltsevDmitry2000"]
[Black "Forgacs, Gyula"]
[BlackFideId "701203"]
[WhiteElo "2739"]
[BlackElo "2305"]
[Result "1-0"]
[Round "01"]
[TimeControl "180+2"]
[Date "2022.12.20"]
[WhiteClock "0:00:08"]
[BlackClock "0:00:06"]

1. e4 e5 2. Nf3 Nc6 3. Bb5 a6 4. Ba4 Nf6 5. O-O Be7 6. Re1 b5 7. Bb3 O-O 8. c3 d5 9. d3 Bb7 10. exd5 Nxd5 11. Nxe5 Qd6 12. d4 Nxe5 13. dxe5 Qc6 14. Qf3 Rad8 15. Nd2 Nf4 16. Qxc6 Bxc6 17. Nf3 Nd3 18. Re2 Bc5 19. Bg5 Bxf3 20. gxf3 Rde8 21. e6 fxe6 22. Rxe6 Rxe6 23. Bxe6+ Kh8 24. Be3 Bxe3 25. fxe3 Rxf3 26. Rd1 Rxe3 27. Bf5 g6 28. Bxd3 c5 29. Bf1 Re6 30. Rd7 h5 31. Bg2 Re2 32. Rd6 Rxb2 33. Rxg6 Rxa2 34. Rh6+ Kg7 35. Rxh5 c4 36. Rc5 Rc2 37. h4 Rxc3 38. h5 b4 39. Rc6 b3 40. h6+ Kh8 41. Be4 Rg3+ 42. Kf2 Rg4 43. Kf3 Rg8 44. Rc7 Rb8 45. Rxc4 b2 46. Bb1 a5 47. Ra4 Rb3+ 48. Ke2 Rb6 49. h7 Rb7 50. Rxa5 Rb8 51. Ra7 Re8+ 52. Kd3 Rb8 53. Ra6 Rd8+ 54. Kc3 Rb8 55. Rc6 Rd8 56. Kxb2 Rb8+ 57. Kc1 Rd8 58. Bc2 Re8 59. Kd2 Rd8+ 60. Bd3 Re8 61. Kc3 Rd8 62. Be4 Re8 63. Kd4 Rd8+ 64. Ke5 Re8+ 65. Kf4 Rf8+ 66. Bf5 Re8 67. Kg5 Rf8 68. Be4 Re8 69. Kf4 Rf8+ 70. Bf5 Re8 71. Rg6 Rd8 72. Rg4 Rf8 73. Ke5 Re8+ 74. Be6 Rd8 75. Rg8+ Kxh7 76. Rxd8 Kg7 77. Rg8+ Kh6 78. Kf6 Kh7 79. Rg4 Kh6 80. Rh4# 1-0


[Site "https://www.chess.com"]

[Event "Titled Tuesday Blitz December 20 Early 2022"]
[White "Goryachkina, Aleksandra"]
[Black "Volkov, Nikolay Nik."]
[WhiteFideId "4147103"]
[BlackFideId "4176626"]
[WhiteElo "2571"]
[BlackElo "2123"]
[Result "1-0"]
[Round "01"]
[TimeControl "180+2"]
[Date "2022.12.20"]
[WhiteClock "0:00:04"]
[BlackClock "0:00:02"]

1. Nf3 d6 2. d4 g6 3. g3 Bg7 4. Bg2 Nf6 5. O-O O-O 6. c4 Bf5 7. Nc3 c6 8. Nh4 Be6 9. b3 d5 10. cxd5 cxd5 11. Bb2 Nc6 12. e3 Rc8 13. Qe2 Qd7 14. Rfc1 Rfd8 15. Nf3 Bf5 16. Na4 Ne4 17. Nc5 Nxc5 18. dxc5 e5 19. Qd2 Qe7 20. b4 a5 21. a3 Na7 22. Rd1 Nb5 23. h3 Be4 24. Rac1 axb4 25. axb4 d4 26. exd4 Bxf3 27. Bxf3 Nxd4 28. Bxd4 Rxd4 29. Qe1 Rcd8 30. Rxd4 Rxd4 31. b5 Qc7 32. b6 Qc8 33. Bxb7 Qxb7 34. c6 1-0


[Site "https://www.chess.com"]

[Event "Titled Tuesday Blitz December 20 Early 2022"]
[White "Guliev, Logman"]
[Black "Rakhmanov_Aleksandr"]
[WhiteFideId "13400061"]
[WhiteElo "2250"]
[BlackElo "2797"]
[Result "0-1"]
[Round "01"]
[TimeControl "180+2"]
[Date "2022.12.20"]
[WhiteClock "0:00:01"]
[BlackClock "0:01:39"]

1. e4 c5 2. Nf3 Nf6 3. e5 Nd5 4. Nc3 Nxc3 5. dxc3 Nc6 6. Bc4 e6 7. O-O h6 8. Re1 Qc7 9. Bf4 b6 10. Bg3 Bb7 11. Qd2 O-O-O 12. Rad1 Be7 13. a3 g5 14. Re3 h5 15. h4 gxh4 16. Bxh4 Bxh4 17. Nxh4 Nxe5 18. Be2 Rhg8 19. b4 Ng6 20. Nxg6 Rxg6 21. Bf1 Rdg8 22. f3 h4 23. Kf2 d5 0-1


[Site "https://www.chess.com"]

[Event "Titled Tuesday Blitz December 20 Early 2022"]
[White "HackingKid98"]
[Black "deibittowers"]
[WhiteElo "2488"]
[BlackElo "2072"]
[Result "1-0"]
[Round "01"]
[TimeControl "180+2"]
[Date "2022.12.20"]
[WhiteClock "0:01:57"]
[BlackClock "0:00:03"]

1. d4 e5 2. dxe5 d6 3. e4 dxe5 4. Qxd8+ Kxd8 5. Be3 Be6 6. Nd2 Nd7 7. O-O-O c6 8. Bc4 Bg4 9. f3 Bh5 10. g4 Bg6 11. h4 h5 12. g5 Kc7 13. Ne2 Bc5 14. Bxc5 Nxc5 15. Nb3 Nxb3+ 16. Bxb3 Ne7 17. c3 Rad8 18. Bc2 Rxd1+ 19. Rxd1 Rd8 20. Rxd8 Kxd8 21. f4 exf4 22. Nxf4 Ke8 23. Kd2 f6 24. Ke3 fxg5 25. hxg5 h4 26. Bd1 Kf7 27. Bg4 b6 28. Ng2 h3 29. Bxh3 Bh5 30. Nf4 Bd1 31. Bd7 c5 32. b4 cxb4 33. cxb4 Ng6 34. Nxg6 Kxg6 35. Kf4 Kf7 36. Bf5 Ke7 37. Ke5 Bc2 38. a3 Bb3 39. Bg6 a5 40. Bh5 axb4 41. axb4 Bc4 42. Bd1 Ba2 43. Ba4 Bc4 44. Bc6 Bf7 45. Bd5 Bg6 46. Bg8 Be8 47. Kf5 Bd7+ 48. Kg6 Kf8 49. Bd5 Be8+ 50. Kh7 g6 51. e5 Ke7 52. Kg7 b5 53. Bb3 Kd7 54. Kf6 Kd8 55. e6 Kc7 56. Bc2 Kd6 57. Be4 Kc7 58. Ke7 1-0


[Site "https://www.chess.com"]

[Event "Titled Tuesday Blitz December 20 Early 2022"]
[White "Haimov, Elchanan"]
[Black "Hasangatin_Ramil"]
[WhiteFideId "2835916"]
[WhiteElo "1707"]
[BlackElo "2705"]
[Result "0-1"]
[Round "01"]
[TimeControl "180+2"]
[Date "2022.12.20"]
[WhiteClock "0:01:00"]
[BlackClock "0:01:34"]

1. d4 Nf6 2. Bg5 e6 3. e4 h6 4. Bxf6 Qxf6 5. c3 g6 6. Bd3 Bg7 7. Ne2 O-O 8. O-O b6 9. f4 d6 10. Nd2 Bb7 11. e5 Qe7 12. Be4 Bxe4 13. Nxe4 Nd7 14. Qd3 d5 15. Nf2 c5 16. g4 Rac8 17. f5 exf5 18. gxf5 gxf5 19. Qxf5 Qg5+ 20. Qxg5 hxg5 21. Rac1 f5 22. Nd3 f4 23. h4 f3 24. Ng3 g4 25. Nf2 Rf4 26. Nh5 Re4 27. Nxg7 Kxg7 28. Rce1 Rxe1 29. Rxe1 g3 30. Nd3 f2+ 31. Nxf2 gxf2+ 32. Kxf2 cxd4 33. cxd4 Rc2+ 34. Re2 Rxe2+ 35. Kxe2 Nf8 36. Kd2 Ne6 37. Kc3 a5 38. b3 b5 39. b4 a4 40. Kd3 Kh6 41. Ke3 Kh5 0-1


[Site "https://www.chess.com"]

[Event "Titled Tuesday Blitz December 20 Early 2022"]
[White "Harry_Rakkel"]
[Black "Borges Matos, Juan"]
[BlackFideId "3500160"]
[WhiteElo "2611"]
[BlackElo "2409"]
[Result "1/2-1/2"]
[Round "01"]
[TimeControl "180+2"]
[Date "2022.12.20"]
[WhiteClock "0:00:09"]
[BlackClock "0:00:15"]

1. e4 e6 2. d4 d5 3. Nc3 Nf6 4. e5 Nfd7 5. Nce2 c5 6. c3 Nc6 7. f4 f6 8. Nf3 cxd4 9. cxd4 Bb4+ 10. Bd2 Qa5 11. a3 Bxd2+ 12. Qxd2 Qxd2+ 13. Kxd2 b6 14. b4 Ba6 15. Nc3 Bxf1 16. Rhxf1 Ke7 17. Rae1 f5 18. h3 h5 19. Rc1 a5 20. Nxd5+ exd5 21. Rxc6 axb4 22. axb4 Ra2+ 23. Rc2 Rha8 24. Rc1 Nf8 25. Rxa2 Rxa2+ 26. Rc2 Ra4 27. Kc3 Ne6 28. Kb3 Ra1 29. b5 Rd1 30. Rc6 Rd3+ 31. Kc2 Rxf3 32. gxf3 Nxd4+ 33. Kc3 Nxc6 34. bxc6 b5 35. h4 g6 36. Kd4 b4 37. Kxd5 b3 38. e6 b2 39. c7 b1=Q 40. c8=Q Qd3+ 41. Kc6 Qxf3+ 42. Kb6 Qb3+ 43. Ka5 Qa3+ 44. Kb5 Qb3+ 45. Ka5 Qa3+ 46. Kb5 Qb3+ 47. Ka5 1/2-1/2


[Site "https://www.chess.com"]

[Event "Titled Tuesday Blitz December 20 Early 2022"]
[White "HashtagChess"]
[Black "Truequitos"]
[WhiteElo "1812"]
[BlackElo "2536"]
[Result "0-1"]
[Round "01"]
[TimeControl "180+2"]
[Date "2022.12.20"]
[WhiteClock "0:00:39"]
[BlackClock "0:01:38"]

1. e4 e6 2. d4 c5 3. Nf3 a6 4. Nc3 b5 5. a3 Bb7 6. dxc5 Bxc5 7. Bd3 Nf6 8. O-O O-O 9. Bg5 h6 10. Bh4 Be7 11. Qe2 Nc6 12. Rad1 Qb6 13. e5 Ne8 14. Bxe7 Nxe7 15. Be4 Qc7 16. Bxb7 Qxb7 17. Ne4 Nd5 18. g3 Rc8 19. Nd4 Rc4 20. c3 f5 21. exf6 Ndxf6 22. Nxf6+ Nxf6 23. Nf3 Re4 24. Qd3 Ng4 25. Nd4 Ne5 26. Qd2 Rxd4 0-1


[Site "https://www.chess.com"]

[Event "Titled Tuesday Blitz December 20 Early 2022"]
[White "Herrera Figueroa, Amado Ama"]
[Black "Manish Anto Cristiano F"]
[WhiteFideId "5137470"]
[BlackFideId "25095927"]
[WhiteElo "1496"]
[BlackElo "2485"]
[Result "1-0"]
[Round "01"]
[TimeControl "180+2"]
[Date "2022.12.20"]
[WhiteClock "0:01:04"]
[BlackClock "0:01:53"]

1. Nf3 Nf6 2. g3 g6 3. b3 Bg7 4. Bb2 d6 5. d4 O-O 6. Bg2 Nc6 7. O-O Bf5 8. c4 Qd7 9. Nc3 Ne4 10. Rc1 Nxc3 11. Bxc3 Be4 12. d5 Bxf3 13. Bxf3 Ne5 14. Bg2 Ng4 15. Bxg7 Kxg7 16. Qd4+ Nf6 17. e4 a6 18. e5 dxe5 19. Qxe5 Qd6 20. Qe3 b6 21. Rfe1 Rfe8 22. c5 bxc5 23. Qxc5 Rac8 24. h3 Nd7 25. Qd4+ Qf6 26. Qxf6+ Nxf6 27. Rc6 Red8 28. Rxe7 Nxd5 29. Bxd5 Rxd5 30. Rcxc7 Rxc7 31. Rxc7 Rd2 32. a4 Rb2 33. Rb7 a5 34. Rb5 h5 35. Kg2 Kh6 36. h4 f6 37. Kf3 g5 38. Ke3 Kg6 39. f3 gxh4 40. gxh4 Kf7 41. Kf4 Kg6 42. Kg3 Kh6 43. Kf4 Kg6 44. Ke3 Kg7 45. Kd4 Kg6 46. Kc5 Rf2 47. Rxa5 Rxf3 48. Rb5 Kf5 49. a5 Rf1 50. a6 Ra1 51. a7 Kg4 52. Rb4+ Kg3 53. Ra4 Rc1+ 54. Kb6 Rc8 55. a8=Q Rxa8 56. Rxa8 Kxh4 57. Rg8 f5 58. Kc5 f4 59. Kd4 Kh3 60. Ke4 h4 61. Kxf4 1-0


[Site "https://www.chess.com"]

[Event "Titled Tuesday Blitz December 20 Early 2022"]
[White "Husnutdinov, Damir"]
[Black "lamomiajunior"]
[WhiteFideId "14200910"]
[WhiteElo "2415"]
[BlackElo "2526"]
[Result "0-1"]
[Round "01"]
[TimeControl "180+2"]
[Date "2022.12.20"]
[WhiteClock "0:00:10"]
[BlackClock "0:00:28"]

1. d4 Nf6 2. Nf3 d5 3. g3 Bf5 4. Bg2 e6 5. O-O Be7 6. c4 c6 7. Nc3 h6 8. Nd2 O-O 9. e4 dxe4 10. Ndxe4 Nbd7 11. Be3 Nxe4 12. Nxe4 Nf6 13. Nc3 Qd7 14. Qb3 Rfd8 15. Rfd1 a5 16. d5 cxd5 17. cxd5 a4 18. dxe6 Qxd1+ 19. Qxd1 Rxd1+ 20. Rxd1 Bxe6 21. Rd2 a3 22. bxa3 Bxa3 23. Bxb7 Rb8 24. Bf3 Bb4 25. Rb2 Rc8 26. Rxb4 Rxc3 27. a4 Nd5 28. Bxd5 Bxd5 29. Rd4 Bc6 30. Rd8+ Kh7 31. Rd4 Ra3 32. f4 Rxe3 33. Rc4 Bd5 34. Rd4 Be6 35. a5 Ra3 36. f5 Bxf5 37. Rf4 Be6 0-1


[Site "https://www.chess.com"]

[Event "Titled Tuesday Blitz December 20 Early 2022"]
[White "Imperial, Genghis"]
[Black "Aslanov_Umid"]
[WhiteFideId "5230403"]
[WhiteElo "1812"]
[BlackElo "2425"]
[Result "1-0"]
[Round "01"]
[TimeControl "180+2"]
[Date "2022.12.20"]
[WhiteClock "0:00:16"]
[BlackClock "0:00:26"]

1. e4 c5 2. Nf3 d6 3. c3 Nf6 4. Be2 g6 5. O-O Bg7 6. Bb5+ Bd7 7. Bxd7+ Nbxd7 8. Qe2 O-O 9. d4 cxd4 10. cxd4 Qa5 11. e5 Nd5 12. e6 N7f6 13. Ng5 h6 14. Nxf7 Kh7 15. Na3 Nc7 16. Bd2 Qf5 17. Rfe1 Nfd5 18. Nc4 Bxd4 19. Ne3 Nxe3 20. Bxe3 Bxe3 21. Qxe3 Nxe6 22. Nxh6 Qf4 23. Qxf4 Nxf4 24. Ng4 e5 25. Rad1 d5 26. Nxe5 Rae8 27. f3 d4 28. Rxd4 Rf5 29. Rde4 g5 30. h3 Kg7 31. Kh2 Rf6 32. Ng4 Rxe4 33. Rxe4 Rb6 34. b3 Kg6 35. Ne5+ Kf5 36. Nc4 Ra6 37. Re5+ Kf6 38. a4 Rc6 39. Re4 a6 40. h4 Ne6 41. hxg5+ Nxg5 42. Rf4+ Kg7 43. Rg4 Kh6 44. Ne5 Re6 45. f4 Ne4 46. Nf7+ Kh7 47. f5 Rf6 48. Rxe4 Rxf7 49. g4 Kh6 50. Kg3 Kg5 51. Re6 Rg7 52. a5 Rg8 53. Rg6+ Rxg6 54. fxg6 Kxg6 55. Kf4 Kf6 56. g5+ Kg6 57. Kg4 Kf7 58. Kf5 Kg7 59. g6 Kg8 60. Kf6 Kf8 61. g7+ Kg8 62. Kg6 b5 63. axb6 a5 64. b7 a4 65. b8=Q# 1-0


[Site "https://www.chess.com"]